 Dungeon Crawl Stone Soup version 0.28-a0-1117-g0bdd5ba030 (webtiles) character file.

Game seed: 12217658897812937217

1158 avis the Grappler (level 8, -1/68 HPs)
             Began as a Hill Orc Monk on Dec 12, 2021.
             Was a Believer of Beogh.
             Killed from afar by an electric eel (6 damage)
             ... with a bolt of electricity
             ... on level 6 of the Dungeon.
             The game lasted 00:47:28 (8545 turns).

avis the Grappler (Hill Orc Monk)                   Turns: 8545, Time: 00:47:33

Health: -1/68      AC:  6    Str: 14    XL:     8   Next: 39%
Magic:  9/9        EV: 12    Int: 12    God:    Beogh [**....]
Gold:   202        SH:  5    Dex: 13    Spells: 3/7 levels left

rFire   . . .      SeeInvis .     - Unarmed
rCold   . . .      Faith    .   E - +0 buckler
rNeg    . . .      Spirit   .   A - +0 leather armour
rPois   .          Reflect  .   (helmet currently unavailable)
rElec   .          Harm     .   l - +0 cloak
rCorr   .          Rampage  .   H - +1 pair of gloves
Will    .....                   (boots currently unavailable)
Stlth   ++........              B - amulet of magic regeneration
HPRegen 0.21/turn               k - ring of flight
MPRegen 0.51/turn               (no ring)

@: appendages (expiring), flying
A: horns 2, talons 2
a: End Transformation, Renounce Religion, Smiting


You were on level 6 of the Dungeon.
You worshipped Beogh.
Beogh was pleased with you.
You had temporarily grown beastly horns and talons.
You visited 2 branches of the dungeon, and saw 7 of its levels.

You collected 400 gold pieces.
You spent 198 gold pieces at shops.

Inventory:

Hand Weapons
 b - a +0 hunting sling
 w - a +7 flail of protection
Missiles
 o - 101 sling bullets
 s - 300 stones (quivered)
 z - 2 poisoned darts
Armour
 l - a +0 cloak (worn)
 A - a +0 leather armour (worn)
 E - a +0 buckler (worn)
 H - a +1 pair of gloves (worn)
Jewellery
 k - a ring of flight (left hand)
 B - an amulet of magic regeneration (around neck)
Wands
 u - a wand of paralysis (5)
 C - a wand of flame (13)
Scrolls
 c - a scroll of immolation {unknown}
 e - 4 scrolls of teleportation {unknown}
 f - 3 scrolls of noise {unknown}
 i - 5 scrolls of blinking {unknown}
 j - 2 scrolls of identify
 m - a scroll of enchant armour {unknown}
 p - 2 scrolls of magic mapping {unknown}
 q - 2 scrolls of fear {unknown}
 J - a scroll of amnesia {unknown}
Potions
 a - 2 potions of lignification {unknown}
 d - 2 potions of curing
 g - 3 potions of magic
 n - 3 potions of brilliance
 G - a potion of heal wounds


   Skills:
 - Level 5.0 Fighting
 - Level 2.4 Dodging
 - Level 1.5 Stealth
 - Level 4.0 Shields
 + Level 8.2 Unarmed Combat
 * Level 2.3 Transmutations
 - Level 2.0 Poison Magic
 + Level 2.6 Invocations


You had 3 spell levels left.
You knew the following spells:

 Your Spells              Type           Power      Damage    Failure   Level
a - Beastly Appendage     Tmut           10%        N/A       16%         1
p - Spider Form           Tmut/Pois      5%         N/A       45%         3

Your spell library contained the following spells:

 Spells                   Type           Power      Damage    Failure   Level
 Wereblood                Tmut           5%         N/A       24%         2
 Magic Dart               Conj           0%         1d3       38%         1
 Call Imp                 Summ           0%         N/A       54%         2
 Mephitic Cloud           Conj/Pois/Air  1%         N/A       69%         3
 Animate Dead             Necr           0%         N/A       99%         4
 Borgnjor's Vile Clutch   Necr/Erth      0%         N/A       100%        5
 Death Channel            Necr           0%         N/A       100%        6


Dungeon Overview and Level Annotations

Branches:
Dungeon (6/15)             Temple (1/1) D:5

Altars:
Ashenzari
Cheibriados
Dithmenos
Elyvilon
Fedhas
Gozag
Hepliaklqana
Kikubaaqudgha
Nemelex Xobeh
Okawaru
Qazlal
Ru
Sif Muna
Trog
Vehumet
Xom
Zin
The Shining One

Shops:
D:2 (   D:3 *[(?:   D:4 (   D:6 :*


Innate Abilities, Weirdness & Mutations

You have temporarily grown beastly horns and talons.


Message History

An electric eel comes into view.
Casting: Beastly Appendage (safe; 16% risk of failure)
Confirm with . or Enter, or press ? or * to list all spells.
You grow a pair of large bovine horns.
Your feet morph into talons.
Your transformation is almost over.
An electric eel comes into view.
You start waiting.
Your horns disappear.
Your talons disappear.
Casting: Beastly Appendage (safe; 16% risk of failure)
Confirm with . or Enter, or press ? or * to list all spells.
You grow a pair of large bovine horns.
Your feet morph into talons.
An electric eel comes into view.
You punch the electric eel! Your kick misses the electric eel.
You headbutt the electric eel.
The electric eel is heavily wounded.
You completely miss the electric eel.
The electric eel is heavily wounded.
The electric eel shoots out a bolt of lightning at you!
The bolt of electricity hits the electric eel.
The electric eel completely resists.
The bolt of electricity misses you.
The electric eel shoots out a bolt of lightning at you!
The bolt of electricity hits you. The bolt of electricity hits you!
You closely miss the electric eel.
The electric eel is heavily wounded.
The electric eel shoots out a bolt of lightning at you!
The bolt of electricity hits the plant!
The plant begins to die.
The bolt of electricity hits you!
The electric eel shoots out a bolt of lightning at you!
The bolt of electricity hits the electric eel.
The electric eel completely resists.
The bolt of electricity hits you.
The electric eel shoots out a bolt of lightning at you!
The bolt of electricity hits you! x2
* * * LOW HITPOINT WARNING * * *
The electric eel shoots out a bolt of lightning at you!
The bolt of electricity hits the plant!
The bolt of electricity hits you!
* * * LOW HITPOINT WARNING * * *
The electric eel shoots out a bolt of lightning at you!
The bolt of electricity hits the electric eel.
The electric eel completely resists.
The bolt of electricity hits you.
You die...

####..##.P≈≈≈≈≈≈..
.. #....###.≈≈≈≈≈≈≈.
.......#..##.≈≈≈≈≈≈≈
....#####.##...≈≈≈≈.
..#.## ##..#...≈≈≈≈.
# #...##......≈≈≈≈..
#......##...≈≈≈≈≈.
#..##..##....≈≈≈≈..
#..##.@...≈≈≈..
#..#..#..≈≈≈≈≈.
.##.....#.S≈≈≈P..
#.......#.≈≈≈≈≈≈.
##......#.P≈≈≈PP.
#........≈≈S≈P≈.
#...###...S≈≈≈≈.
#..## ..≈≈≈≈.≈. #..#
##..≈≈PP..


You could see 3 electric eels.

Vanquished Creatures
  Edmund (D:4)
  A water moccasin (D:3)
  A black bear (D:5)
  An ogre (D:3)
  A phantom (D:5)
  A bullfrog (D:5)
  2 scorpions
  A centaur skeleton (D:5)
  2 orc priests
  4 orc wizards
  A howler monkey zombie (D:5)
  10 gnolls
  4 adders
  An ufetubus (D:6)
  2 worms (D:3)
  6 dart slugs
  10 orcs
  5 ball pythons
  4 endoplasms
  5 giant cockroaches
  20 hobgoblins
  4 quokkas
  4 bats
  2 frilled lizards
  37 goblins
  16 kobolds
  8 rats
154 creatures vanquished.

Vanquished Creatures (others)
  10 plants
10 creatures vanquished.

Grand Total: 164 creatures vanquished

Notes
Turn   | Place    | Note
-------+----------+-------------------------------------------
     0 | D:1      | avis the Hill Orc Monk began the quest for the Orb.
     0 | D:1      | Reached XP level 1. HP: 19/19 MP: 1/1
   413 | D:1      | Reached XP level 2. HP: 20/27 MP: 2/2
   762 | D:1      | Found a faded altar of an unknown god.
   785 | D:1      | Reached skill level 4 in Unarmed Combat
   829 | D:1      | Reached XP level 3. HP: 29/33 MP: 3/3
  2068 | D:3      | Reached skill level 5 in Unarmed Combat
  2068 | D:3      | Reached XP level 4. HP: 39/40 MP: 4/4
  2082 | D:3      | Found Xieclo's Assorted Antiques.
  2164 | D:3      | Found Soodwetu's Book Boutique.
  2183 | D:3      | Found a broken altar of Ashenzari.
  2195 | D:3      | Found Qodewidi's Magic Scroll Shop.
  3166 | D:3      | Noticed a water moccasin
  3181 | D:3      | Killed a water moccasin
  3182 | D:3      | Reached skill level 6 in Unarmed Combat
  3182 | D:3      | Reached XP level 5. HP: 28/47 MP: 5/5
  3342 | D:3      | Found Tayfi's Antique Armour Emporium.
  3356 | D:3      | Found Bauhatra's Weapon Shoppe.
  3796 | D:3      | Reached XP level 6. HP: 50/53 MP: 6/6
  3936 | D:3      | Reached skill level 1 in Shields
  5030 | D:3      | Bought a book of Changes for 198 gold pieces
  5034 | D:3      | Learned a level 1 spell: Beastly Appendage
  5038 | D:3      | Learned a level 3 spell: Spider Form
  5205 | D:3      | Became a worshipper of Beogh the Brigand
  5205 | D:3      | Reached * piety under Beogh
  5205 | D:3      | Reached ** piety under Beogh
  5261 | D:3      | Reached skill level 5 in Fighting
  5369 | D:4      | Reached skill level 7 in Unarmed Combat
  5889 | D:4      | Reached XP level 7. HP: 61/61 MP: 7/7
  6410 | D:4      | Noticed Edmund
  6443 | D:4      | Killed Edmund
  6632 | D:4      | Found Ylesen's Antique Weapon Shoppe.
  6818 | D:5      | Entered Level 5 of the Dungeon
  6903 | D:5      | Reached skill level 8 in Unarmed Combat
  6903 | D:5      | Reached skill level 1 in Transmutations
  6903 | D:5      | Reached skill level 1 in Invocations
  6903 | D:5      | Reached XP level 8. HP: 63/68 MP: 8/8
  7942 | D:5      | Found a staircase to the Ecumenical Temple.
  7953 | Temple   | Entered the Ecumenical Temple
  8201 | D:6      | Found Hien Wic's Book Shop.
  8260 | D:6      | Found an opulent altar of Gozag.
  8318 | D:6      | Found Tila's Lightly-Used Armoury.
  8545 | D:6      | Killed from afar by an electric eel

Illustrated notes

Levels and vault maps discovered:
D:1:      moated_graveyard_arrival, layout_loops_ring,
          chequers_ecumenical_altar_island
D:2:      layout_basic
D:3:      minmay_goblin_kobold_castle, layout_loops_cross,
          nicolae_overflow_crystal_walls, serial_shops, shop, shop, shop, shop,
          nicolae_shop_overgrown_old_shop, eino_tiny_chamber
D:4:      layout_rooms, serial_shops, nicolae_take_the_stairs, uniq_edmund
D:5:      layout_loops_ring, minmay_temple_entry_poolview
D:6:      layout_layer_cave, mainiacjoe_overflow_alcove_4, serial_shops, shop,
          chequers_big_river, minmay_shop_damaged
Temple:   compressed_dpeg_circular_temple

Skill      XL: |  1  2  3  4  5  6  7  8 |
---------------+-------------------------+-----
Unarmed Combat | 4 5 6 7 8 |  8.2
Fighting       | 4 5 |  5.0
Shields        | 3 4 |  4.0
Poison Magic   | 2 |  2.0
Transmutations | 1 2 |  2.3
Invocations    | 1 2 |  2.6
Dodging        | |  2.4
Stealth        | |  1.5

Action                   |  1- 3 |  4- 6 |  7- 9 || total
-------------------------+-------+-------+-------++-------
Melee: Unarmed           |   158 |   170 |   101 ||   429
       Punch             |     3 |     3 |       ||     6
       Kick              |       |    10 |    15 ||    25
       Headbutt          |       |     7 |    10 ||    17
 Fire: Hunting sling     |       |   109 |       ||   109
 Cast: Beastly Appendage |       |    14 |    26 ||    40
       Spider Form       |       |       |     6 ||     6
Invok: Convert to Beogh  |       |     1 |       ||     1
Evoke: Wand              |       |     3 |       ||     3
  Use: Scroll            |       |       |     4 ||     4
 Stab: Sleeping          |     3 |     1 |     2 ||     6
       Distracted        |     1 |       |       ||     1
       Paralysed         |       |     9 |       ||     9
Armor: Robe              |    31 |    17 |       ||    48
       Leather armour    |       |    11 |    20 ||    31
       Skin              |       |       |     1 ||     1
Dodge: Dodged            |    73 |   101 |    55 ||   229
Block: Buckler           |       |       |    13 ||    13

Table legend: (Time is in decaauts)
 A = Elapsed time spent in this place.
 B = Non-inter-level travel time spent in this place.
 C = Inter-level travel time spent in this place.
 D = Time resting spent in this place.
 E = Time spent auto-exploring this place.
 F = Levels seen in this place.
 G = Mean time per level.
                   A        B        C        D        E       F      G
               +--------+--------+--------+--------+--------+-----+--------+
         Total |   8527 |   7941 |    586 |   3257 |   2175 |   7 | 1218.1 |
       Dungeon |   8378 |   7829 |    549 |   3257 |   2097 |   6 | 1396.3 |
        Temple |    149 |    112 |     37 |      0 |     78 |   1 |  149.0 |
               +--------+--------+--------+--------+--------+-----+--------+

Top non-repeatable levels by time:
     D:3: 3624 daAuts
     D:1: 1513 daAuts
     D:5: 1234 daAuts
     D:2: 1112 daAuts
     D:4: 597 daAuts
     D:6: 295 daAuts
  Temple: 149 daAuts
